 Dungeon Crawl Stone Soup version 0.21.0 (webtiles) character file.

8245 Deadscale the Grappler (level 11, -3/169 HPs)
             Began as a Troll Monk on Jan 6, 2018.
             Was an Elder of Wu Jian.
             Slain by a blink frog (7 damage)
             ... on level 2 of the Lair of Beasts.
             The game lasted 00:20:34 (12293 turns).

Deadscale the Grappler (Troll Monk)                Turns: 12293, Time: 00:20:35

Health: -3/169     AC: 25    Str: 18 (21) XL:     11   Next: 7%
Magic:  10/10      EV:  1    Int:  3 (6)  God:    Wu Jian [****..]
Gold:   67         SH:  0    Dex: 19 (20) Spells: 10/10 levels left

rFire    + . .     SeeInvis .     - Unarmed
rCold    . . .     Gourm    +   (no shield)
rNeg     + + +     Faith    .   (armour currently unavailable)
rPois    +         Spirit   .   (helmet currently unavailable)
rElec    .         Reflect  .   (cloak currently unavailable)
rCorr    .         Harm     .   (gloves unavailable)
MR       .....     NoTele   +   (boots unavailable)
Stlth    +++.......             (no amulet)
HPRegen  0.78/turn              F - ring of protection from fire
MPRegen  0.12/turn              (no ring)

@: agile, tree-form
A: large, unfitting armour, fast metabolism 3, gourmand, regeneration 1
a: Wall Jump, Serpent's Lash, Renounce Religion


You were on level 2 of the Lair of Beasts.
You worshipped Wu Jian.
Wu Jian was greatly pleased with you.
You were completely stuffed.
You were a tree.
You visited 3 branches of the dungeon, and saw 13 of its levels.

You collected 539 gold pieces.
You spent 472 gold pieces at shops.

Inventory:

Hand Weapons
 E - the cursed +0 short sword of Mauzakes {freeze, Str+7 Int-5, unknown}
   (You found it on level 7 of the Dungeon)

   It has been specially enchanted to freeze those struck by it, causing extra
   injury to most foes and up to half again as much damage against particularly
   susceptible opponents.
   It can also slow down cold-blooded creatures.
   It affects your strength (+7).
   It affects your intelligence (-5).
   It has a curse placed upon it.
Missiles
 q - 3 throwing nets (quivered) {=f}
 r - 4 tomahawks
 z - 33 poisoned needles
 M - 8 needles of confusion
 Q - 194 stones
 R - 5 javelins
Armour
 a - a +0 robe
 d - a cursed +0 robe (melded)
 f - a +0 large shield
 t - a +0 cloak (melded)
 O - the -2 hat of the Alchemist (melded) {rElec rPois rF+ rC+ rN+ MR+ rMut rCorr}
   (You bought it in a shop on level 5 of the Dungeon)

   It protects you from fire.
   It protects you from cold.
   It insulates you from electricity.
   It protects you from poison.
   It protects you from negative energy.
   It affects your resistance to hostile enchantments.
   It protects you from acid and corrosion.
   It protects you from mutation.
Jewellery
 B - an uncursed amulet of magic regeneration
 F - a ring of protection from fire (left branch)
Wands
 v - a wand of enslavement (16)
 y - a wand of flame (26)
 A - a wand of paralysis (16)
 C - a wand of iceblast (9)
 D - a wand of digging (15)
Scrolls
 c - 6 scrolls of teleportation {unknown}
 e - 3 scrolls of enchant weapon {unknown}
 i - 9 scrolls of identify
 j - a scroll of enchant armour {unknown}
 l - 8 scrolls of remove curse {unknown}
 m - a scroll of immolation {unknown}
 o - 4 scrolls of random uselessness {unknown}
 u - a scroll of noise {unknown}
 G - 2 scrolls of amnesia {unknown}
 I - a scroll of torment {unknown}
 T - a scroll of fear {unknown}
Potions
 g - a potion of degeneration {!q}
 h - 2 potions of flight
 n - a potion of agility
 p - a potion of mutation {!q}
 s - 2 potions of magic
 x - a potion of lignification {!q}
 H - 2 potions of resistance
 L - a potion of heal wounds {unknown}
 S - a potion of brilliance {unknown}
 U - a potion of ambrosia {unknown}
Books
 w - a book of Debilitation
 J - a book of Maledictions
 K - a book of Cantrips
 P - a book of Misfortune
Miscellaneous
 N - a fan of gales
Comestibles
 b - 28 rations
 V - 7 chunks of flesh


   Skills:
 + Level 8.8 Fighting
 + Level 8.8 Dodging
 - Level 1.0 Stealth
 + Level 10.3 Unarmed Combat


You had 10 spell levels left.
You didn't know any spells.

Dungeon Overview and Level Annotations

Branches:
Dungeon (10/15)            Temple (1/1) D:5            Lair (2/6) D:9
  Swamp: Lair:2-4    Shoals: Lair:2-4     Snake: Lair:2-4    Spider: Lair:2-4
    Orc: D:9-12

Altars:
Ashenzari
Cheibriados
Dithmenos
Elyvilon
Fedhas
Gozag
Hepliaklqana
Kikubaaqudgha
Makhleb
Nemelex Xobeh
Okawaru
Qazlal
Ru
Sif Muna
Trog
Uskayaw
Vehumet
Wu Jian
Xom
Yredelemnul
Zin
The Shining One

Shops:
D:5 [


Innate Abilities, Weirdness & Mutations

You are too large for most types of armour.
((You have claws for hands.))
Your metabolism is lightning-fast.
You like to eat raw meat.
Your natural rate of healing is unusually fast.
((You are covered in fur. (AC +1)))
((You have very tough skin. (AC +2)))
((You have a pair of small antennae on your head.))
((You can translocate small distances at will.))


Message History

The blink frog hits you but does no damage.
It was a potion of degeneration.
There was something very wrong with that liquid.
You feel weakened.
You feel dopey.
You feel clumsy.
The blink frog hits you but does no damage.
The blink frog blinks!
You smack the blink frog!
The blink frog hits you but does no damage.
The blink frog blinks!
The blink frog hits you but does no damage.
The hippogriff screeches!
You hit the blink frog but do no damage.
You hear a croak.
The blink frog blinks!
The blink frog hits you.
* * * LOW HITPOINT WARNING * * *
You take 6 damage, and have 3/169 hp.
You hit the blink frog.
The blink frog blinks!
The blink frog hits you!
You die...

..##.#.#.#...#
.............
#...........##
#............###
#...........#... .
#............... #.
#............... ..##
###...............
#...##.#P...HF(F♣.....%.
#............##.........
#......F###. ##§.......
.......## # #........
.....<..# ..§...F..
#............ .......F.
.....$..#.... .§⌠.≈≈≈..
#(.###.## #.. ##..≈≈≈≈..
#.. .# .


You could see a hippogriff and 4 blink frogs.

Vault maps used:
D:1:      matt_arrival_grand_opening, minmay_domino_4
D:2:      cheibrodos_greedy_goblins, serial_bayou, serial_bayou_crossing,
          serial_bayou_pond_e, serial_bayou_lagoon_a, serial_bayou_shore_a
D:3:      serial_forest, infiniplex_forest_straight_4,
          infiniplex_forest_lined_room_3, infiniplex_forest_end_2,
          infiniplex_forest_clump_curved, infiniplex_forest_zigzag_1,
          infiniplex_forest_end_2, infiniplex_forest_straight_3
D:5:      trog_eyes_of_draining, minmay_temple_entry_from_below_a, serial_shops,
          nicolae_shop_temple_entry_statues_fountains, basic_altar, first_ration
D:6:      lemuel_ratsnest, gammafunk_temple_overflow_wave,
          minmay_misc_feat_more_columns, uniq_duvessa
D:7:      glass_columns_a, minmay_misc_feat_square, grunt_ogre_cave,
          nrook_loot_triangle
D:8:      zaba_anthole, uniq_prince_ribbit1
D:9:      nicolae_dithmenos_through_a_glass_darkly, minmay_lair_entry_lava
D:10:     uniq_urug, uniq_sonja
Temple:   hc_temple_tempest_star
Lair:2:   nicolae_volcano_entry_lava_flow, minmay_lair_oklob_items, ice2_lemuel,
          infiniplex_staircase_pool_2

Notes
Turn   | Place    | Note
-------+----------+-------------------------------------------
     0 | D:1      | Deadscale the Troll Monk began the quest for the Orb.
     0 | D:1      | Reached XP level 1. HP: 22/22 MP: 0/0
    87 | D:1      | Reached XP level 2. HP: 27/29 MP: 1/1
  1011 | D:2      | Reached XP level 3. HP: 33/36 MP: 2/2
  1181 | D:2      | Reached skill level 3 in Fighting
  1289 | D:2      | Reached skill level 3 in Dodging
  1392 | D:2      | Reached XP level 4. HP: 45/45 MP: 3/3
  1625 | D:2      | Identified a cursed +0 robe (You found it on level 1 of the Dungeon)
  1927 | D:3      | Reached skill level 4 in Unarmed Combat
  2018 | D:3      | Noticed an ogre
  2033 | D:3      | Killed an ogre
  2033 | D:3      | Reached XP level 5. HP: 53/53 MP: 4/4
  2275 | D:3      | Noticed Vajrapani's ghost (amateur TeEn)
  2310 | D:3      | Killed Vajrapani's ghost
  2310 | D:3      | Reached skill level 4 in Fighting
  2310 | D:3      | Reached XP level 6. HP: 37/62 MP: 5/5
  2529 | D:3      | Identified a ring of protection from fire (You found it on level 1 of the Dungeon)
  3100 | D:4      | Reached skill level 4 in Dodging
  3130 | D:4      | Reached skill level 5 in Unarmed Combat
  3416 | D:4      | Reached XP level 7. HP: 63/71 MP: 6/6
  3925 | D:4      | Identified 8 scrolls of identify
  3925 | D:4      | Identified 3 potions of curing
  3955 | D:5      | Entered Level 5 of the Dungeon
  4054 | D:5      | Reached skill level 5 in Fighting
  4054 | D:5      | Reached skill level 6 in Unarmed Combat
  4111 | D:5      | Reached skill level 5 in Dodging
  4111 | D:5      | Reached XP level 8. HP: 63/80 MP: 7/7
  4179 | D:5      | Found Juxtuqal's Armour Boutique.
  4370 | D:5      | Found an iron altar of Okawaru.
  4551 | D:5      | Found a bloodstained altar of Trog.
  4579 | D:5      | HP: 20/81 [gnoll/halberd (12)]
  4589 | D:5      | HP: 12/81 [gnoll/halberd (14)]
  4595 | D:5      | HP: 13/81 [worker ant zombie (3)]
  5032 | D:5      | Reached skill level 7 in Unarmed Combat
  5134 | D:5      | Found a staircase to the Ecumenical Temple.
  5248 | D:6      | Reached skill level 6 in Fighting
  5280 | D:6      | Reached skill level 6 in Dodging
  5447 | Temple   | Entered the Ecumenical Temple
  5652 | Temple   | Became a worshipper of the Wu Jian Council
  5652 | Temple   | Reached * piety under Wu Jian
  5652 | Temple   | Reached ** piety under Wu Jian
  5788 | D:6      | Noticed zkyp's ghost (novice NaGl)
  5815 | D:6      | HP: 20/83 [zkyp's ghost (11)]
  5816 | D:6      | HP: 6/83 [zkyp's ghost (14)]
  5956 | D:6      | Killed zkyp's ghost
  5956 | D:6      | Reached XP level 9. HP: 24/92 MP: 8/8
  6088 | D:6      | Noticed Dowan
  6090 | D:6      | Noticed Duvessa
  6116 | D:6      | Killed Duvessa
  6132 | D:6      | Killed Dowan
  6445 | D:6      | Found a white marble altar of Elyvilon.
  6445 | D:6      | Found an ancient bone altar of Kikubaaqudgha.
  6591 | D:6      | Reached skill level 8 in Unarmed Combat
  6954 | D:7      | Reached skill level 7 in Fighting
  7082 | D:7      | Reached skill level 7 in Dodging
  7158 | D:7      | Identified an amulet of magic regeneration (You found it on level 7 of the Dungeon)
  7159 | D:7      | Identified a +0 large shield (You found it on level 4 of the Dungeon)
  7160 | D:7      | Identified a +0 cloak (You found it on level 5 of the Dungeon)
  7217 | D:7      | Reached *** piety under Wu Jian
  7411 | D:7      | Got an iridescent short sword
  8113 | D:8      | Noticed Prince Ribbit
  8126 | D:8      | Killed Prince Ribbit
  8126 | D:8      | Reached XP level 10. HP: 95/102 MP: 9/9
  8178 | D:8      | Reached skill level 9 in Unarmed Combat
  8852 | D:8      | Reached **** piety under Wu Jian
  9590 | D:9      | Reached skill level 8 in Fighting
 10080 | D:9      | Found a staircase to the Lair.
 10278 | D:9      | Reached skill level 8 in Dodging
 10344 | D:9      | Found a shadowy altar of Dithmenos.
 10667 | D:5      | Bought the -2 hat of the Alchemist {rElec rPois rF+ rC+ rN+ MR+ rMut rCorr} for 472 gold pieces
 10667 | D:5      | Found the -2 hat of the Alchemist {rElec rPois rF+ rC+ rN+ MR+ rMut rCorr}
 10854 | Lair:1   | Entered Level 1 of the Lair of Beasts
 11075 | D:10     | Entered Level 10 of the Dungeon
 11114 | D:10     | Noticed a gargoyle
 11241 | D:9      | Reached skill level 10 in Unarmed Combat
 11393 | Lair:1   | Noticed a spiny frog
 11402 | Lair:1   | Killed a spiny frog
 11541 | Lair:1   | Noticed a spiny frog
 11557 | Lair:1   | HP: 22/106 [spiny frog (20)]
 11567 | Lair:1   | HP: 26/106 [poisoned by a spiny frog]
 11573 | Lair:1   | Killed a spiny frog
 11873 | Lair:1   | Reached XP level 11. HP: 104/113 MP: 10/10
 12252 | Lair:2   | Noticed a seven-headed hydra
 12273 | Lair:1   | HP: 24/113 [ten-headed hydra (8)]
 12281 | Lair:2   | Identified 3 potions of magic
 12283 | Lair:2   | HP: 13/113 [blink frog (9)]
 12284 | Lair:2   | HP: 2/113 [blink frog (12)]
 12286 | Lair:2   | Identified 3 potions of flight
 12287 | Lair:2   | Identified 2 potions of agility
 12288 | Lair:2   | Identified 2 potions of lignification
 12289 | Lair:2   | Identified 2 potions of mutation
 12289 | Lair:2   | Gained mutation: You can translocate small distances at will. [potion of mutation]
 12289 | Lair:2   | Gained mutation: You have a pair of small antennae on your head. [potion of mutation]
 12290 | Lair:2   | Identified 2 potions of degeneration
 12292 | Lair:2   | HP: 3/169 [blink frog (6)]
 12293 | Lair:2   | Slain by a blink frog

Table legend:
 A = Turns spent in this place as a percentage of turns spent in the entire game.
 B = Non-inter-level travel turns spent in this place as a percentage of non-inter-level travel turns spent in the entire game.
 C = Inter-level travel turns spent in this place as a percentage of turns spent in this place.
 D = Turns resting spent in this place as a percentage of non-inter-level travel turns spent in this place.
 E = Turns spent auto-exploring this place as a percentage of non-inter-level travel turns spent in this place.
 F = Non-inter-level travel turns spent in this place divided by the number of levels of this place that you've seen.
                   A       B       C       D       E      F
               +-------+-------+-------+-------+-------+----------------------
         Total | 100.0 | 100.0 |   6.0 |   0.0 |  80.6 | 888.5
       Dungeon |  90.1 |  90.0 |   6.2 |   0.0 |  80.5 | 1039.1
        Temple |   1.7 |   1.6 |  11.7 |   0.0 |  98.9 | 188.0
          Lair |   8.2 |   8.4 |   3.3 |   0.0 |  78.2 | 486.0
               +-------+-------+-------+-------+-------+----------------------

Table legend:
 A = Kills in this place as a percentage of kills in entire the game.
 B = Kills by you in this place as a percentage of kills by you in the entire game.
 C = Kills by friends in this place as a percentage of kills by friends in the entire game.
 D = Other kills in this place as a percentage of other kills in the entire game.
 E = Experience gained in this place as a percentage of experience gained in the entire game.
 F = Experience gained in this place divided by the number of levels of this place that you have seen.
                   A       B       C       D       E      F
               +-------+-------+-------+-------+-------+----------------------
         Total | 100.0 | 100.0 |   N/A |   N/A | 100.0 | 906.1
       Dungeon |  94.3 |  94.3 |   N/A |   N/A |  73.6 | 867.2
          Lair |   5.7 |   5.7 |   N/A |   N/A |  26.4 | 1553.5
               +-------+-------+-------+-------+-------+----------------------

Skill      XL: |  1  2  3  4  5  6  7  8  9 10 |
---------------+-------------------------------+-----
Fighting       | 3 4 5 6 7 8 |  8.8
Dodging        | 3 4 5 6 7 8 |  8.8
Unarmed Combat | 4 5 6 7 8 10 | 10.3
Stealth        | |  1.0

Action                   |  1- 3 |  4- 6 |  7- 9 | 10-12 || total
-------------------------+-------+-------+-------+-------++-------
Melee: Unarmed           |   119 |   136 |   458 |   274 ||   987
       Punch             |     3 |     4 |     6 |    17 ||    30
Throw: Stone             |    34 |    98 |   242 |   217 ||   591
       Javelin           |       |       |       |     2 ||     2
       Throwing net      |       |       |       |     2 ||     2
Invok: Whirlwind         |       |       |    50 |   107 ||   157
       Lunge             |       |       |     6 |     7 ||    13
       Wall Jump         |       |       |       |     2 ||     2
  Use: Scroll            |       |       |     4 |       ||     4
       Potion            |       |       |     1 |     9 ||    10
 Stab: Sleeping          |     1 |       |       |       ||     1
  Eat: Chunk             |    18 |    19 |    44 |    38 ||   119
Armor: Robe              |    27 |    22 |    54 |    44 ||   147
       Skin              |       |       |       |     5 ||     5
Dodge: Dodged            |    37 |    49 |   233 |   183 ||   502

Vanquished Creatures
  The ghost of zkyp the Cleaver, a novice NaGl (D:6)
  2 spiny frogs (Lair:1)
  Prince Ribbit (D:8)
  2 hippogriffs (D:9)
  5 blink frogs
  3 yaks (Lair:1)
  The ghost of Vajrapani the Cudgeler, an amateur TeEn (D:3)
  3 water moccasins
  Duvessa (D:6)
  4 phantoms
  An ice beast (D:6)
  2 orc warriors
  A black bear (D:8)
  A sky beast (D:8)
  7 ogres
  An eye of draining (D:5)
  3 wolves (D:9)
  5 crocodiles
  3 big kobolds
  5 bullfrogs
  Dowan (D:6)
  3 scorpions (D:4)
  5 killer bees (D:8)
  4 wights (D:6)
  2 howler monkeys (D:5)
  A bullfrog zombie (D:6)
  2 jellies
  A centaur skeleton (D:4)
  6 crimson imps
  5 hounds
  8 orc priests
  6 orc wizards
  7 worker ants
  A hound skeleton (D:4)
  A worker ant zombie (D:5)
  6 gnolls (D:5)
  9 river rats (D:6)
  9 adders
  A shadow imp (D:5)
  2 oozes
  3 adder skeletons
  4 worms
  2 dart slugs
  7 leopard geckos
  38 orcs
  5 giant cockroaches
  11 hobgoblins
  7 jackals (D:4)
  6 quokkas
  2 ball pythons
  5 bats
  3 frilled lizards
  19 goblins
  16 kobolds
  A leopard gecko skeleton (D:6)
  22 rats
  2 plants (D:2)
285 creatures vanquished.
